 Dungeon Crawl Stone Soup version 0.17-a0-1970-g7a13dd1 (webtiles) character file.

1076 Ziggystardust the Charlatan (level 8, -4/74 HPs)
             Began as a Troll Transmuter on Oct 4, 2015.
             Slain by a killer bee (6 damage)
             ... on level 7 of the Dungeon.
             The game lasted 00:14:16 (3403 turns).

Ziggystardust the Charlatan (Troll Transmuter)      Turns: 3403, Time: 00:14:16

Health: -4/74      AC:  6    Str: 19    XL:     8   Next: 8%
Magic:  10/10      EV: 11    Int: 10    God:
Gold:   295        SH:  0    Dex: 11    Spells: 1 memorised, 8 levels left

rFire  . . .     SeeInvis .       - Unarmed
rCold  . . .     Clarity  .     b - +0 robe
rNeg   . . .     SustAt   .     (no shield)
rPois  .         Gourm    +     (helmet restricted)
rElec  .         Spirit   .     p - +0 cloak
rCorr  .         Warding  .     (gloves unavailable)
rMut   .         Stasis   .     (boots unavailable)
MR     .....                    y - amulet of rage
Stlth  +.........               (no ring)
                                l - ring of flight

@: lethally poisoned (-4 -> -50), not resistant to hostile enchantments, very
unstealthy
A: unfitting armour, claws 3, fast metabolism 3, gourmand, regeneration 2,
shaggy fur 1, tough skin 2
a: Evoke Berserk Rage, Evoke Flight


You were on level 7 of the Dungeon.
You were very full.

You visited 1 branch of the dungeon, and saw 5 of its levels.
You also visited: Ossuary.

You collected 295 gold pieces.

Inventory:

Missiles
 a - 69 arrows
 A - 15 arrows of flame
Armour
 b - a +0 robe (worn)
 p - a +0 cloak (worn)
 u - a +0 leather armour
Jewellery
 l - a ring of flight (left claw)
 y - an amulet of rage (around neck)
Scrolls
 e - a scroll of enchant weapon
 f - a scroll of noise
 h - 2 scrolls of remove curse {unknown}
 j - 4 scrolls of teleportation {unknown}
 t - a scroll of enchant armour {unknown}
 w - a scroll of blinking {unknown}
 B - a scroll of random uselessness {unknown}
 C - 4 scrolls of identify {unknown}
Potions
 i - a potion of cancellation {unknown}
 k - 2 potions of degeneration {unknown}
 n - 3 potions of poison
 q - 2 potions of brilliance {unknown}
 r - 3 potions of ambrosia {unknown}
 s - 2 potions of heal wounds {unknown}
 v - 2 potions of curing {unknown}
 x - a potion of berserk rage {unknown}
 z - a potion of might {unknown}
 D - a potion of agility {unknown}
 G - a potion of flight {unknown}
Books
 c - a book of Changes

   Spells                             Type                      Level
   a - Beastly Appendage              Transmutation                1
   b - Sticks to Snakes               Transmutation                2
   c - Spider Form                    Transmutation/Poison         3
   d - Ice Form                       Ice/Transmutation            4
   e - Blade Hands                    Transmutation                5
Comestibles
 d - 9 bread rations
 g - a beef jerky
 m - 3 fruits
 o - a slice of pizza
 E - a meat ration
 H - a royal jelly


   Skills:
 - Level 2.9 Fighting
 - Level 3.4 Dodging
 - Level 4.7 Unarmed Combat
 - Level 1.2 Spellcasting
 - Level 1.3 Transmutations
 + Level 5.1 Evocations


You had 8 spell levels left.
You knew the following spells:

 Your Spells              Type           Power        Failure   Level  Hunger
a - Beastly Appendage     Trmt           #.....       21%         1    ##.....


Dungeon Overview and Level Annotations

Branches:
Dungeon (7/15)
 Temple: D:4-7

Altars:
Ashenzari
Dithmenos
Fedhas
Gozag
Xom
The Shining One

Annotations:
D:7 Dowan, Duvessa, Menkaure


Innate Abilities, Weirdness & Mutations

You are too large for most types of armour.
You have claws for hands.
Your metabolism is lightning-fast.
You like to eat raw meat.
You heal very quickly.
You are covered in fur (AC +1).
You have very tough skin (AC +2).


Message History

* * * LOW HITPOINT WARNING * * *
You feel very sick.
You hear a shout!
The killer bee stings you!
* * * LOW HITPOINT WARNING * * *
The killer bee stings you but does no damage.
The killer bee barely misses you. The killer bee closely misses you.
The killer bee barely misses you. The killer bee closely misses you.
Drink which item? (? for menu, Esc to quit)
It was a potion of poison.
That liquid tasted very nasty...
You are more poisoned.
* * * LOW HITPOINT WARNING * * *
You feel very sick. The killer bee stings you.
* * * LOW HITPOINT WARNING * * *
You are more poisoned.
The killer bee poisons you! The killer bee barely misses you.
The killer bee stings you but does no damage.
The killer bee stings you.
You die...

#####
########................
#................ #######
#................ .......
#................ .......
#................ .......
####)####........
.......######..# #........
........y...#.## #........
.....h.yy@..#..# #........
.y......y...######.#####'#
...M...............# #..
...................# ###
...................# #
.#####.............#######
#.............##.....
#.............##.....
..............##.....


You could see Menkaure, a hound and 4 killer bees.

Vanquished Creatures
  The ghost of edsrzf the Chiller, an amateur OpIE of Fedhas (D:3)
  A spriggan (D:7)
  An ice beast (D:7)
  An ogre (D:4)
  The ghost of demonzero the Charmwright, a weakling HESk (D:4)
  A centaur zombie (Ossuary)
  An orc wizard (D:3)
  A crimson imp (D:7)
  A human zombie (Ossuary)
  2 hounds (D:7)
  2 orc priests (D:4)
  Jessica (D:3)
  A worker ant (D:7)
  2 big kobold zombies (Ossuary)
  3 mummies
  2 adders (D:3)
  2 oozes
  An adder zombie (Ossuary)
  3 worms
  A giant gecko (D:3)
  4 orcs
  5 ball pythons
  8 hobgoblins
  22 jackals
  2 quokkas
  5 bats
  3 giant cockroaches
  3 giant newts
  11 goblins
  A goblin zombie (Ossuary)
  9 hobgoblin zombies (Ossuary)
  3 jackal zombies (Ossuary)
  4 kobolds
  13 kobold zombies (Ossuary)
  5 orc zombies (Ossuary)
  5 rats
  A rat zombie (Ossuary)
  2 fungi (D:7)
135 creatures vanquished.

Notes
Turn   | Place    | Note
--------------------------------------------------------------
     0 | D:1      | Ziggystardust the Troll Transmuter began the quest for the Orb.
     0 | D:1      | Reached XP level 1. HP: 18/18 MP: 1/1
   100 | D:1      | Reached skill level 1 in Fighting
   207 | D:1      | Reached XP level 2. HP: 27/27 MP: 2/2
   626 | D:2      | Found a shadowy altar of Dithmenos.
   654 | D:2      | Reached XP level 3. HP: 26/33 MP: 3/3
  1331 | D:3      | Found a shattered altar of Ashenzari.
  1396 | D:3      | Reached XP level 4. HP: 26/42 MP: 4/4
  1457 | D:3      | Noticed edsrzf's ghost (amateur OpIE)
  1527 | D:3      | Killed edsrzf's ghost
  1527 | D:3      | Reached skill level 4 in Unarmed Combat
  1527 | D:3      | Reached XP level 5. HP: 29/50 MP: 5/5
  1590 | D:3      | Noticed Jessica
  1592 | D:3      | Killed Jessica
  1592 | D:3      | Reached XP level 6. HP: 56/59 MP: 6/6
  1751 | D:3      | Found a blossoming altar of Fedhas.
  1781 | D:3      | Found a shimmering altar of Xom.
  1880 | D:3      | Found an opulent altar of Gozag.
  2018 | D:4      | Noticed demonzero's ghost (weakling HESk)
  2029 | D:4      | Killed demonzero's ghost
  2047 | D:4      | Found a glowing golden altar of the Shining One.
  2325 | D:4      | Reached skill level 1 in Evocations
  2334 | D:4      | Reached XP level 7. HP: 66/66 MP: 7/7
  2443 | D:4      | You fall through a shaft for 3 floors!
  2446 | D:7      | Noticed Dowan
  2447 | D:7      | Noticed Duvessa
  2580 | D:7      | Found a sand-covered staircase.
  2586 | Ossuary  | Entered an ossuary
  3348 | D:7      | Noticed a spriggan baker
  3353 | D:7      | Killed a spriggan baker
  3353 | D:7      | Reached skill level 5 in Evocations
  3353 | D:7      | Reached XP level 8. HP: 52/74 MP: 10/10
  3401 | D:7      | Noticed Menkaure
  3403 | D:7      | HP: 2/74 [killer bee (6)]
  3403 | D:7      | Slain by a killer bee

Vault maps used:
D:1:      dpeg_arrival_pits
D:2:      grunt_dithmenos_smoke, first_bread, serial_park_tiny_1,
          kennysheep_nondescript
D:3:      nicolae_overflow_quartered_altars, uniq_jessica
D:4:      tso_metal_star
D:7:      gup_ossuary_entry_pyramid, the_bakery, minmay_gold_behind_fungi,
          uniq_duvessa, uniq_menkaure
Ossuary:  ossuary_tomb_1

Action                   |  1- 3 |  4- 6 |  7- 9 || total
-------------------------+-------+-------+-------++-------
Melee: Unarmed           |   142 |    76 |   214 ||   432
 Abil: Evoke Berserk Rag |       |     1 |       ||     1
  Use: Scroll            |       |       |     2 ||     2
       Potion            |       |       |     1 ||     1
 Stab: Sleeping          |     1 |       |       ||     1
  Eat: Chunk             |    18 |     5 |    13 ||    36
